[ AOE2 MATCH · #483453622 ]
Team RMBohemians vs Celts
[ REPLAY ANALYSIS · EXTRACTED FROM THE RECORDED GAME ]
Feudal
10:56
Castle
15:07
Imperial
—
| APM avg | 29.9 |
| APM peak | 61 |
| eAPM avg | 11.9 |
| Villagers / military | 44 / 9 |
Focus
⚔️ 18.8% · 🌾 81.2%
Spearman ×5 · Monk ×3 · Battering Ram ×1
Feudal
13:09
Castle
17:29
Imperial
—
| APM avg | 21.6 |
| APM peak | 53 |
| eAPM avg | 10.5 |
| Villagers / military | 48 / 1 |
Focus
⚔️ 4.3% · 🌾 95.7%
Monk ×1
Feudal
10:11
Castle
14:58
Imperial
—
| APM avg | 28.3 |
| APM peak | 62 |
| eAPM avg | 13.4 |
| Villagers / military | 39 / 0 |
Focus
⚔️ 3.5% · 🌾 96.5%
Feudal
10:58
Castle
17:13
Imperial
—
| APM avg | 15.8 |
| APM peak | 45 |
| eAPM avg | 10.1 |
| Villagers / military | 36 / 5 |
Focus
⚔️ 16.4% · 🌾 83.6%
Knight ×5
Feudal
12:18
Castle
16:55
Imperial
—
| APM avg | 24.5 |
| APM peak | 57 |
| eAPM avg | 14.1 |
| Villagers / military | 51 / 10 |
Focus
⚔️ 11.8% · 🌾 88.2%
Scout Cavalry ×5 · Camel Scout ×4 · Monk ×1
Feudal
12:30
Castle
17:13
Imperial
—
| APM avg | 19.8 |
| APM peak | 33 |
| eAPM avg | 13.3 |
| Villagers / military | 59 / 0 |
Focus
⚔️ 9.2% · 🌾 90.8%
Feudal
12:57
Castle
17:12
Imperial
—
| APM avg | 22.6 |
| APM peak | 46 |
| eAPM avg | 10.0 |
| Villagers / military | 65 / 3 |
Focus
⚔️ 4.8% · 🌾 95.2%
Spearman ×2 · Monk ×1
Feudal
10:31
Castle
13:43
Imperial
—
| APM avg | 26.2 |
| APM peak | 65 |
| eAPM avg | 12.9 |
| Villagers / military | 49 / 8 |
Focus
⚔️ 12.7% · 🌾 87.3%
Monk ×4 · Scout Cavalry ×4
Match map
Initial resources + every placement click. Lines = walls · curves = elevation contours. ◆ gold · ⬟ stone · ● berries · ✦ relic · ◌ wall gap
Your base· ✓ Closed at 15:07 · 0t walls · 2 gate(s)
President of USA's base· ✓ Closed at 17:29 · 0t walls · 2 gate(s)
Here's Jhony!'s base· ✓ Closed at 14:58 · 0t walls · 2 gate(s)
Deo2's base· ✓ Closed at 17:13 · 0t walls · 2 gate(s)
jeibanez's base· ✓ Closed at 16:55 · 0t walls · 2 gate(s)
Miguelouch's base· ✓ Closed at 17:13 · 0t walls · 2 gate(s)
lynavy's base· ✓ Closed at 17:12 · 0t walls · 2 gate(s)
Ctrl Gio's base· ✓ Closed at 13:43 · 0t walls · 2 gate(s)
Smoothed initial terrain · ◌ = detected wall gap · hover for details
Inputs per minute
— Enchiskan - - President of USA
Build order — Enchiskan
93 actions detected in the replay
| 0:01 | Create | Villager (Male) |
| 0:01 | Create | Villager (Male) |
| 0:01 | Create | Villager (Male) |
| 0:02 | Build | House |
| 0:03 | Build | House |
| 0:04 | Create | Villager (Male) |
| 1:27 | Create | Villager (Male) |
| 1:27 | Create | Villager (Male) |
| 2:00 | Create | Villager (Male) |
| 2:00 | Create | Villager (Male) |
| 2:08 | Build | Lumber Camp |
| 2:13 | Create | Villager (Male) |
| 2:13 | Create | Villager (Male) |
| 2:36 | Create | Villager (Male) |
| 2:49 | Create | Villager (Male) |
| 3:14 | Create | Villager (Male) |
| 3:25 | Create | Villager (Male) |
| 4:05 | Build | House |
| 4:06 | Build | House |
| 4:09 | Create | Villager (Male) |
| 4:10 | Create | Villager (Male) |
| 4:49 | Create | Villager (Male) |
| 4:49 | Create | Villager (Male) |
| 5:11 | Build | Mill |
| 5:20 | Create | Villager (Male) |
| 5:20 | Create | Villager (Male) |
| 5:21 | Create | Villager (Male) |
| 5:21 | Create | Villager (Male) |
| 5:44 | Create | Villager (Male) |
| 6:45 | Build | Lumber Camp |
| 6:47 | Create | Villager (Male) |
| 6:48 | Create | Villager (Male) |
| 6:48 | Create | Villager (Male) |
| 8:06 | Build | House |
| 8:07 | Build | House |
| 8:25 | Build | Mining Camp |
| 8:29 | Research | Feudal Age |
| 8:33 | Create | Villager (Male) |
| 8:33 | Create | Villager (Male) |
| 8:34 | Research | Loom |
| 8:40 | Create | Villager (Male) |
| 8:41 | Research | Loom |
| 9:39 | Build | Mill |
| 10:01 | Build | Farm |
| 10:01 | Build | Farm |
| 10:56 | Age | Feudal Age |
| 11:23 | Build | Market |
| 11:29 | Build | Blacksmith |
| 12:27 | Research | Castle Age |
| 13:31 | Build | Barracks |
| 13:51 | Build | Farm |
| 13:51 | Build | Farm |
| 13:51 | Build | Farm |
| 13:52 | Build | Farm |
| 14:05 | Build | Mining Camp |
| 14:10 | Research | Double-Bit Axe |
| 14:12 | Research | Horse Collar |
| 14:17 | Build | House |
| 14:40 | Create | Spearman |
| 14:41 | Create | Spearman |
| 15:07 | Age | Castle Age |
| 15:09 | Build | Siege Workshop |
| 15:15 | Build | Monastery |
| 15:19 | Create | Villager (Male) |
| 15:35 | Create | Villager (Male) |
| 15:41 | Build | House |
| 15:41 | Build | House |
| 15:54 | Create | Spearman |
| 15:54 | Create | Spearman |
| 15:58 | Create | Monk |
| 15:59 | Create | Monk |
| 16:02 | Create | Villager (Male) |
| 16:23 | Create | Villager (Male) |
| 16:38 | Create | Battering Ram |
| 16:48 | Create | Spearman |
| 16:56 | Create | Villager (Male) |
| 17:06 | Research | Fervor |
| 17:08 | Create | Villager (Male) |
| 17:34 | Create | Villager (Male) |
| 17:49 | Create | Villager (Male) |
| 18:04 | Create | Villager (Male) |
| 18:17 | Create | Villager (Male) |
| 18:17 | Create | Villager (Male) |
| 18:30 | Create | Monk |
| 18:56 | Create | Villager (Male) |
| 20:32 | Create | Villager (Male) |
| 20:32 | Create | Villager (Male) |
| 20:49 | Create | Villager (Male) |
| 20:52 | Research | Bow Saw |
| 21:00 | Build | Town Center |
| 21:05 | Build | House |
| 21:07 | Build | House |
| 21:08 | Build | House |
Build order — President of USA
111 actions detected in the replay
| 0:05 | Create | Villager (Male) |
| 0:05 | Create | Villager (Male) |
| 0:05 | Create | Villager (Male) |
| 0:06 | Create | Villager (Male) |
| 0:06 | Create | Villager (Male) |
| 0:14 | Build | House |
| 0:46 | Build | House |
| 0:47 | Build | House |
| 0:48 | Build | House |
| 0:51 | Build | House |
| 0:51 | Build | House |
| 1:44 | Create | Villager (Male) |
| 1:44 | Create | Villager (Male) |
| 2:09 | Create | Villager (Male) |
| 2:10 | Create | Villager (Male) |
| 2:31 | Create | Villager (Male) |
| 2:31 | Create | Villager (Male) |
| 2:32 | Research | Loom |
| 2:32 | Research | Loom |
| 3:10 | Create | Villager (Male) |
| 3:11 | Create | Villager (Male) |
| 4:01 | Create | Villager (Male) |
| 4:25 | Create | Villager (Male) |
| 4:25 | Create | Villager (Male) |
| 4:26 | Create | Villager (Male) |
| 5:08 | Build | Lumber Camp |
| 5:28 | Create | Villager (Male) |
| 5:28 | Create | Villager (Male) |
| 5:28 | Create | Villager (Male) |
| 5:57 | Create | Villager (Male) |
| 5:57 | Create | Villager (Male) |
| 6:39 | Build | Lumber Camp |
| 6:45 | Create | Villager (Male) |
| 6:45 | Create | Villager (Male) |
| 7:17 | Build | Mill |
| 7:59 | Create | Villager (Male) |
| 7:59 | Create | Villager (Male) |
| 8:36 | Build | Mining Camp |
| 8:44 | Create | Villager (Male) |
| 9:00 | Build | Mill |
| 9:05 | Create | Villager (Male) |
| 9:12 | Build | Farm |
| 9:12 | Build | Farm |
| 9:13 | Build | Farm |
| 9:26 | Create | Villager (Male) |
| 9:26 | Create | Villager (Male) |
| 10:14 | Create | Villager (Male) |
| 10:33 | Build | Farm |
| 10:34 | Build | Farm |
| 10:34 | Build | Farm |
| 10:35 | Build | Farm |
| 10:42 | Research | Feudal Age |
| 10:42 | Research | Feudal Age |
| 11:13 | Build | Farm |
| 11:14 | Build | Farm |
| 11:39 | Build | Farm |
| 11:40 | Build | Farm |
| 11:56 | Create | Villager (Male) |
| 11:56 | Create | Villager (Male) |
| 12:47 | Build | Farm |
| 12:48 | Build | Farm |
| 13:09 | Age | Feudal Age |
| 13:19 | Build | Market |
| 13:37 | Build | Blacksmith |
| 13:44 | Research | Double-Bit Axe |
| 13:45 | Research | Double-Bit Axe |
| 13:49 | Create | Villager (Male) |
| 13:53 | Research | Horse Collar |
| 14:20 | Create | Villager (Male) |
| 14:33 | Build | House |
| 14:44 | Build | House |
| 14:44 | Build | House |
| 14:46 | Build | House |
| 14:49 | Research | Castle Age |
| 14:49 | Research | Castle Age |
| 15:31 | Create | Villager (Male) |
| 15:32 | Create | Villager (Male) |
| 15:55 | Build | House |
| 15:56 | Build | House |
| 16:47 | Build | House |
| 16:48 | Build | House |
| 17:29 | Age | Castle Age |
| 17:35 | Build | Monastery |
| 17:43 | Build | Town Center |
| 17:53 | Build | Town Center |
| 17:57 | Research | Heavy Plow |
| 18:03 | Build | House |
| 18:09 | Research | Bow Saw |
| 18:09 | Research | Bow Saw |
| 18:12 | Create | Villager (Male) |
| 18:23 | Build | House |
| 18:24 | Build | House |
| 18:25 | Build | House |
| 18:33 | Create | Villager (Male) |
| 18:33 | Create | Villager (Male) |
| 18:39 | Create | Monk |
| 19:09 | Build | House |
| 19:10 | Build | House |
| 19:11 | Build | House |
| 19:15 | Create | Villager (Male) |
| 19:16 | Create | Villager (Male) |
| 19:29 | Research | Wheelbarrow |
| 19:29 | Research | Wheelbarrow |
| 19:30 | Create | Villager (Male) |
| 19:30 | Create | Villager (Male) |
| 19:42 | Create | Villager (Male) |
| 19:43 | Create | Villager (Male) |
| 19:55 | Build | House |
| 19:56 | Build | House |
| 20:01 | Create | Villager (Male) |
| 20:02 | Create | Villager (Male) |
Build order — Here's Jhony!
92 actions detected in the replay
| 0:01 | Create | Villager (Male) |
| 0:09 | Build | House |
| 0:11 | Build | House |
| 0:11 | Create | Villager (Male) |
| 0:12 | Create | Villager (Male) |
| 0:12 | Create | Villager (Male) |
| 0:55 | Research | Loom |
| 1:34 | Create | Villager (Male) |
| 1:34 | Create | Villager (Male) |
| 1:54 | Create | Villager (Male) |
| 2:26 | Build | Lumber Camp |
| 2:29 | Create | Villager (Male) |
| 2:35 | Create | Villager (Male) |
| 3:05 | Create | Villager (Male) |
| 3:41 | Create | Villager (Male) |
| 3:53 | Build | House |
| 3:59 | Build | House |
| 4:02 | Create | Villager (Male) |
| 4:02 | Create | Villager (Male) |
| 4:30 | Create | Villager (Male) |
| 4:55 | Create | Villager (Male) |
| 4:55 | Create | Villager (Male) |
| 5:18 | Build | Mill |
| 5:43 | Create | Villager (Male) |
| 5:43 | Create | Villager (Male) |
| 6:37 | Create | Villager (Male) |
| 6:37 | Create | Villager (Male) |
| 6:40 | Create | Villager (Male) |
| 8:01 | Research | Feudal Age |
| 8:01 | Research | Feudal Age |
| 8:08 | Build | Mining Camp |
| 8:29 | Build | House |
| 8:32 | Build | Mill |
| 8:44 | Create | Villager (Male) |
| 8:59 | Create | Villager (Male) |
| 10:11 | Age | Feudal Age |
| 10:17 | Build | Blacksmith |
| 10:22 | Build | Market |
| 10:48 | Create | Villager (Male) |
| 10:52 | Research | Loom |
| 11:10 | Create | Villager (Male) |
| 12:18 | Research | Castle Age |
| 12:27 | Build | Barracks |
| 12:37 | Research | Double-Bit Axe |
| 12:52 | Research | Horse Collar |
| 13:23 | Build | House |
| 13:39 | Build | Farm |
| 13:45 | Build | Farm |
| 13:50 | Build | Farm |
| 13:55 | Build | Farm |
| 14:11 | Build | Farm |
| 14:15 | Create | Villager (Male) |
| 14:23 | Create | Villager (Male) |
| 14:32 | Build | Farm |
| 14:47 | Build | Farm |
| 14:58 | Age | Castle Age |
| 15:06 | Build | Farm |
| 15:11 | Build | Farm |
| 15:18 | Build | Farm |
| 15:25 | Build | Farm |
| 15:35 | Create | Villager (Male) |
| 15:47 | Build | Farm |
| 15:56 | Build | Farm |
| 15:58 | Create | Villager (Male) |
| 16:00 | Create | Villager (Male) |
| 16:16 | Build | Farm |
| 16:18 | Create | Villager (Male) |
| 16:21 | Create | Villager (Male) |
| 16:28 | Build | House |
| 16:43 | Build | Farm |
| 16:47 | Build | Farm |
| 16:55 | Build | Farm |
| 17:02 | Build | Farm |
| 17:29 | Create | Villager (Male) |
| 17:49 | Build | Siege Workshop |
| 17:56 | Create | Villager (Male) |
| 18:16 | Build | Farm |
| 18:19 | Create | Villager (Male) |
| 18:52 | Build | Monastery |
| 18:57 | Create | Villager (Male) |
| 19:13 | Build | House |
| 19:28 | Build | Farm |
| 19:31 | Build | Farm |
| 19:37 | Create | Villager (Male) |
| 20:00 | Create | Villager (Male) |
| 20:10 | Build | House |
| 20:24 | Create | Villager (Male) |
| 20:54 | Research | Imperial Age |
| 21:04 | Build | Farm |
| 21:05 | Build | Farm |
| 21:06 | Build | Farm |
| 21:14 | Build | Town Center |
Build order — Deo2
80 actions detected in the replay
| 0:03 | Build | House |
| 0:04 | Create | Villager (Male) |
| 0:05 | Build | House |
| 0:06 | Create | Villager (Male) |
| 0:21 | Create | Villager (Male) |
| 0:35 | Create | Villager (Male) |
| 0:36 | Create | Villager (Male) |
| 1:40 | Create | Villager (Male) |
| 1:40 | Create | Villager (Male) |
| 1:48 | Build | Lumber Camp |
| 1:57 | Create | Villager (Male) |
| 2:28 | Create | Villager (Male) |
| 2:28 | Create | Villager (Male) |
| 3:09 | Create | Villager (Male) |
| 3:10 | Create | Villager (Male) |
| 3:36 | Create | Villager (Male) |
| 3:36 | Create | Villager (Male) |
| 3:40 | Build | House |
| 4:16 | Build | Lumber Camp |
| 4:43 | Create | Villager (Male) |
| 4:43 | Create | Villager (Male) |
| 5:27 | Create | Villager (Male) |
| 5:32 | Create | Villager (Male) |
| 5:38 | Build | Mill |
| 5:46 | Create | Villager (Male) |
| 6:26 | Build | House |
| 6:58 | Create | Villager (Male) |
| 6:58 | Create | Villager (Male) |
| 7:06 | Create | Villager (Male) |
| 7:30 | Create | Villager (Male) |
| 7:54 | Build | Mining Camp |
| 8:12 | Research | Loom |
| 8:22 | Build | Barracks |
| 8:24 | Build | House |
| 8:30 | Create | Villager (Male) |
| 8:48 | Research | Feudal Age |
| 8:59 | Build | Farm |
| 9:00 | Build | Farm |
| 9:56 | Create | Villager (Male) |
| 9:56 | Create | Villager (Male) |
| 10:58 | Age | Feudal Age |
| 11:02 | Build | Stable |
| 11:23 | Build | Blacksmith |
| 11:45 | Create | Villager (Male) |
| 12:00 | Build | House |
| 12:11 | Build | Farm |
| 12:17 | Build | Farm |
| 12:19 | Create | Villager (Male) |
| 12:20 | Create | Villager (Male) |
| 12:35 | Build | Farm |
| 12:54 | Build | Farm |
| 12:57 | Build | Farm |
| 13:26 | Create | Villager (Male) |
| 13:32 | Build | Farm |
| 14:30 | Create | Villager (Male) |
| 14:32 | Research | Castle Age |
| 14:34 | Create | Villager (Male) |
| 14:46 | Build | Farm |
| 14:47 | Build | Farm |
| 14:54 | Build | Farm |
| 14:56 | Build | Farm |
| 14:58 | Build | Farm |
| 16:12 | Build | Stable |
| 16:39 | Research | Double-Bit Axe |
| 16:51 | Build | House |
| 17:13 | Age | Castle Age |
| 17:20 | Build | Town Center |
| 17:33 | Build | Town Center |
| 17:36 | Create | Villager (Male) |
| 17:36 | Create | Villager (Male) |
| 17:37 | Create | Villager (Male) |
| 17:37 | Create | Villager (Male) |
| 17:42 | Research | Husbandry |
| 17:44 | Create | Knight |
| 17:45 | Create | Knight |
| 17:45 | Create | Knight |
| 17:49 | Research | Forging |
| 17:51 | Research | Scale Barding Armor |
| 19:23 | Create | Knight |
| 19:23 | Create | Knight |
Build order — jeibanez
110 actions detected in the replay
| 0:03 | Build | House |
| 0:04 | Create | Villager (Male) |
| 0:04 | Create | Villager (Male) |
| 0:04 | Create | Villager (Male) |
| 0:06 | Build | House |
| 0:16 | Create | Villager (Male) |
| 0:16 | Create | Villager (Male) |
| 0:17 | Create | Villager (Male) |
| 0:17 | Create | Villager (Male) |
| 1:25 | Create | Villager (Male) |
| 1:25 | Create | Villager (Male) |
| 1:49 | Build | Lumber Camp |
| 1:53 | Create | Villager (Male) |
| 2:05 | Create | Villager (Male) |
| 2:05 | Create | Villager (Male) |
| 2:28 | Create | Villager (Male) |
| 2:58 | Create | Villager (Male) |
| 2:58 | Create | Villager (Male) |
| 3:13 | Create | Villager (Male) |
| 3:36 | Create | Villager (Male) |
| 3:54 | Build | House |
| 3:55 | Build | House |
| 3:56 | Build | House |
| 4:07 | Create | Villager (Male) |
| 4:23 | Create | Villager (Male) |
| 5:03 | Create | Villager (Male) |
| 5:13 | Build | Barracks |
| 5:23 | Create | Villager (Male) |
| 5:52 | Build | Mill |
| 6:22 | Create | Villager (Male) |
| 6:26 | Build | Mill |
| 6:30 | Create | Villager (Male) |
| 6:30 | Create | Villager (Male) |
| 7:03 | Create | Villager (Male) |
| 7:16 | Create | Villager (Male) |
| 8:13 | Create | Villager (Male) |
| 8:23 | Create | Villager (Male) |
| 8:31 | Create | Villager (Male) |
| 8:49 | Create | Villager (Male) |
| 9:26 | Build | House |
| 9:27 | Build | House |
| 9:49 | Create | Villager (Male) |
| 9:57 | Research | Feudal Age |
| 10:21 | Build | House |
| 11:15 | Build | House |
| 11:47 | Create | Villager (Male) |
| 11:53 | Build | Farm |
| 11:54 | Build | Farm |
| 11:55 | Build | Farm |
| 11:56 | Build | Farm |
| 11:58 | Build | Farm |
| 12:02 | Build | Farm |
| 12:03 | Build | Farm |
| 12:05 | Build | Farm |
| 12:08 | Build | House |
| 12:15 | Create | Villager (Male) |
| 12:18 | Age | Feudal Age |
| 12:22 | Build | Stable |
| 12:29 | Build | Mining Camp |
| 12:46 | Build | Blacksmith |
| 12:54 | Create | Villager (Male) |
| 13:08 | Build | Market |
| 13:50 | Create | Villager (Male) |
| 13:58 | Research | Castle Age |
| 14:15 | Research | Horse Collar |
| 14:20 | Research | Double-Bit Axe |
| 14:20 | Research | Double-Bit Axe |
| 14:20 | Research | Double-Bit Axe |
| 14:43 | Create | Scout Cavalry |
| 15:05 | Build | Stable |
| 15:08 | Create | Scout Cavalry |
| 15:24 | Create | Villager (Male) |
| 15:34 | Create | Scout Cavalry |
| 15:43 | Build | Farm |
| 15:46 | Build | Farm |
| 15:56 | Build | House |
| 15:57 | Build | House |
| 16:05 | Create | Scout Cavalry |
| 16:22 | Research | Forging |
| 16:34 | Create | Scout Cavalry |
| 16:55 | Age | Castle Age |
| 17:01 | Create | Camel Scout ×2 |
| 17:17 | Build | Town Center |
| 17:23 | Create | Villager (Male) |
| 17:23 | Create | Villager (Male) |
| 17:24 | Create | Villager (Male) |
| 17:32 | Build | House |
| 17:36 | Create | Camel Scout |
| 18:03 | Create | Villager (Male) |
| 18:27 | Build | Monastery |
| 18:41 | Create | Villager (Male) |
| 18:49 | Research | Bloodlines |
| 18:50 | Create | Camel Scout |
| 19:05 | Create | Villager (Male) |
| 19:06 | Create | Villager (Male) |
| 19:06 | Create | Villager (Male) |
| 19:07 | Create | Villager (Male) |
| 19:19 | Create | Monk |
| 19:29 | Build | Town Center |
| 19:31 | Create | Villager (Male) |
| 19:38 | Build | Farm |
| 19:41 | Create | Villager (Male) |
| 20:35 | Create | Villager (Male) |
| 20:38 | Build | Farm |
| 20:47 | Create | Villager (Male) |
| 20:49 | Create | Villager (Male) |
| 20:56 | Create | Villager (Male) |
| 21:04 | Build | Farm |
| 21:06 | Research | Heavy Plow |
| 21:16 | Build | Farm |
Build order — Miguelouch
108 actions detected in the replay
| 0:03 | Create | Villager (Male) |
| 0:05 | Build | House |
| 0:06 | Build | House |
| 0:07 | Create | Villager (Male) |
| 0:07 | Create | Villager (Male) |
| 0:07 | Create | Villager (Male) |
| 0:07 | Create | Villager (Male) |
| 0:08 | Create | Villager (Male) |
| 1:23 | Create | Villager (Male) |
| 1:48 | Create | Villager (Male) |
| 1:48 | Create | Villager (Male) |
| 2:08 | Build | Lumber Camp |
| 2:43 | Create | Villager (Male) |
| 3:02 | Create | Villager (Male) |
| 3:03 | Create | Villager (Male) |
| 3:33 | Create | Villager (Male) |
| 3:58 | Build | House |
| 4:02 | Create | Villager (Male) |
| 4:10 | Build | House |
| 4:29 | Create | Villager (Male) |
| 4:29 | Create | Villager (Male) |
| 4:48 | Create | Villager (Male) |
| 5:16 | Create | Villager (Male) |
| 5:36 | Create | Villager (Male) |
| 5:45 | Create | Villager (Male) |
| 5:45 | Create | Villager (Male) |
| 6:04 | Build | Mill |
| 6:15 | Create | Villager (Male) |
| 6:15 | Create | Villager (Male) |
| 6:15 | Create | Villager (Male) |
| 6:50 | Create | Villager (Male) |
| 6:50 | Create | Villager (Male) |
| 7:02 | Create | Villager (Male) |
| 7:11 | Build | Mill |
| 7:39 | Create | Villager (Male) |
| 7:40 | Create | Villager (Male) |
| 8:00 | Build | House |
| 8:03 | Build | House |
| 8:11 | Create | Villager (Male) |
| 8:11 | Create | Villager (Male) |
| 8:12 | Create | Villager (Male) |
| 8:12 | Create | Villager (Male) |
| 8:12 | Create | Villager (Male) |
| 8:37 | Create | Villager (Male) |
| 8:37 | Create | Villager (Male) |
| 8:37 | Create | Villager (Male) |
| 8:37 | Create | Villager (Male) |
| 8:38 | Create | Villager (Male) |
| 9:05 | Research | Loom |
| 9:28 | Build | Mining Camp |
| 9:34 | Research | Feudal Age |
| 10:02 | Create | Villager (Male) |
| 10:03 | Create | Villager (Male) |
| 11:05 | Build | Farm |
| 11:06 | Build | Farm |
| 11:08 | Build | Farm |
| 11:09 | Build | Farm |
| 11:20 | Create | Villager (Male) |
| 11:20 | Create | Villager (Male) |
| 12:00 | Build | Mill |
| 12:24 | Build | Farm |
| 12:27 | Build | Farm |
| 12:30 | Build | Farm |
| 12:30 | Age | Feudal Age |
| 12:32 | Build | Farm |
| 12:40 | Research | Double-Bit Axe |
| 13:20 | Research | Wheelbarrow |
| 13:29 | Build | Market |
| 14:09 | Build | Blacksmith |
| 14:12 | Create | Villager (Male) |
| 14:12 | Create | Villager (Male) |
| 14:48 | Research | Castle Age |
| 14:48 | Research | Castle Age |
| 15:37 | Build | Mining Camp |
| 16:23 | Build | Lumber Camp |
| 16:59 | Build | Farm |
| 17:01 | Build | Farm |
| 17:06 | Build | Farm |
| 17:09 | Build | Farm |
| 17:13 | Age | Castle Age |
| 17:16 | Create | Villager (Male) |
| 17:17 | Create | Villager (Male) |
| 17:17 | Create | Villager (Male) |
| 17:17 | Create | Villager (Male) |
| 17:32 | Build | Town Center |
| 17:56 | Research | Horse Collar |
| 17:56 | Research | Horse Collar |
| 18:19 | Create | Villager (Male) |
| 18:19 | Create | Villager (Male) |
| 18:29 | Create | Villager (Male) |
| 18:29 | Create | Villager (Male) |
| 18:30 | Create | Villager (Male) |
| 18:30 | Create | Villager (Male) |
| 18:57 | Create | Villager (Male) |
| 18:57 | Create | Villager (Male) |
| 19:06 | Build | Farm |
| 19:07 | Build | Farm |
| 19:10 | Create | Villager (Male) |
| 19:11 | Create | Villager (Male) |
| 19:30 | Build | Town Center |
| 19:37 | Build | Farm |
| 19:47 | Build | Farm |
| 19:53 | Build | House |
| 20:04 | Build | Farm |
| 20:07 | Build | Farm |
| 20:12 | Build | Farm |
| 20:35 | Build | House |
| 21:03 | Build | House |
Build order — lynavy
99 actions detected in the replay
| 0:02 | Create | Villager (Male) ×4 |
| 0:04 | Build | House |
| 0:05 | Build | House |
| 1:48 | Create | Villager (Male) |
| 1:49 | Create | Villager (Male) |
| 1:49 | Create | Villager (Male) |
| 2:17 | Create | Villager (Male) |
| 2:17 | Create | Villager (Male) |
| 2:17 | Create | Villager (Male) |
| 2:29 | Create | Villager (Male) |
| 2:29 | Create | Villager (Male) |
| 2:30 | Create | Villager (Male) |
| 3:04 | Create | Villager (Male) |
| 3:04 | Create | Villager (Male) |
| 3:04 | Create | Villager (Male) |
| 3:04 | Create | Villager (Male) |
| 3:10 | Build | House |
| 3:57 | Create | Villager (Male) |
| 3:57 | Create | Villager (Male) |
| 3:57 | Create | Villager (Male) |
| 4:12 | Build | Lumber Camp |
| 4:28 | Build | Mill |
| 4:32 | Create | Villager (Male) |
| 4:32 | Create | Villager (Male) |
| 4:54 | Create | Villager (Male) |
| 4:54 | Create | Villager (Male) |
| 4:55 | Create | Villager (Male) |
| 4:55 | Create | Villager (Male) |
| 5:17 | Build | House |
| 5:29 | Create | Villager (Male) |
| 5:29 | Create | Villager (Male) |
| 5:29 | Create | Villager (Male) |
| 5:47 | Create | Villager (Male) |
| 5:47 | Create | Villager (Male) |
| 5:47 | Create | Villager (Male) |
| 6:12 | Create | Villager (Male) |
| 6:12 | Create | Villager (Male) |
| 6:33 | Create | Villager (Male) |
| 6:33 | Create | Villager (Male) |
| 6:34 | Create | Villager (Male) |
| 7:01 | Create | Villager (Male) |
| 7:01 | Create | Villager (Male) |
| 7:01 | Create | Villager (Male) |
| 7:35 | Create | Villager (Male) |
| 7:35 | Create | Villager (Male) |
| 7:35 | Create | Villager (Male) |
| 7:52 | Create | Villager (Male) |
| 7:52 | Create | Villager (Male) |
| 7:53 | Create | Villager (Male) |
| 7:57 | Build | Farm |
| 8:03 | Create | Villager (Male) |
| 8:03 | Create | Villager (Male) |
| 8:03 | Create | Villager (Male) |
| 8:10 | Build | House |
| 8:20 | Build | Farm |
| 8:37 | Create | Villager (Male) |
| 8:37 | Create | Villager (Male) |
| 8:37 | Create | Villager (Male) |
| 8:38 | Create | Villager (Male) |
| 8:44 | Build | House |
| 8:48 | Build | Farm |
| 9:11 | Build | Farm |
| 9:37 | Build | Farm |
| 9:54 | Build | House |
| 10:04 | Research | Feudal Age |
| 10:08 | Build | Farm |
| 10:32 | Build | Mining Camp |
| 10:38 | Create | Villager (Male) |
| 10:38 | Create | Villager (Male) |
| 12:04 | Build | Lumber Camp |
| 12:57 | Age | Feudal Age |
| 13:04 | Build | Blacksmith |
| 13:29 | Create | Villager (Male) |
| 13:44 | Build | Market |
| 14:22 | Build | House |
| 14:32 | Research | Castle Age |
| 14:35 | Create | Villager (Male) |
| 14:35 | Create | Villager (Male) |
| 14:41 | Build | Mining Camp |
| 14:56 | Build | Barracks |
| 15:29 | Build | Farm |
| 15:31 | Build | Farm |
| 16:33 | Create | Spearman |
| 16:50 | Create | Spearman |
| 17:12 | Age | Castle Age |
| 17:18 | Create | Villager (Male) |
| 17:18 | Create | Villager (Male) |
| 17:26 | Build | Monastery |
| 17:32 | Create | Villager (Male) |
| 17:32 | Create | Villager (Male) |
| 18:01 | Build | University |
| 18:03 | Create | Villager (Male) |
| 18:03 | Create | Villager (Male) |
| 18:29 | Build | Siege Workshop |
| 18:40 | Create | Monk |
| 18:59 | Research | Double-Bit Axe |
| 19:01 | Research | Gold Mining |
| 19:35 | Build | Archery Range |
| 19:40 | Create | Villager (Male) |
Build order — Ctrl Gio
113 actions detected in the replay
| 0:00 | Create | Villager (Male) |
| 0:01 | Create | Villager (Male) |
| 0:01 | Create | Villager (Male) |
| 0:01 | Create | Villager (Male) |
| 0:03 | Build | House |
| 0:04 | Build | House |
| 1:28 | Create | Villager (Male) |
| 1:50 | Create | Villager (Male) |
| 2:12 | Create | Villager (Male) |
| 2:25 | Create | Villager (Male) |
| 2:35 | Build | Lumber Camp |
| 2:46 | Create | Villager (Male) |
| 3:22 | Create | Villager (Male) |
| 3:27 | Build | House |
| 3:54 | Create | Villager (Male) |
| 3:54 | Create | Villager (Male) |
| 4:14 | Create | Villager (Male) |
| 5:01 | Create | Villager (Male) |
| 5:10 | Build | Mill |
| 5:38 | Create | Villager (Male) |
| 5:39 | Create | Villager (Male) |
| 6:02 | Create | Villager (Male) |
| 6:02 | Create | Villager (Male) |
| 6:26 | Create | Villager (Male) |
| 6:29 | Build | House |
| 6:34 | Research | Loom |
| 6:36 | Create | Villager (Male) |
| 7:06 | Create | Villager (Male) |
| 7:07 | Create | Villager (Male) |
| 7:56 | Create | Villager (Male) |
| 8:02 | Build | Mining Camp |
| 8:14 | Research | Feudal Age |
| 8:50 | Build | Mill |
| 9:04 | Create | Villager (Male) |
| 9:30 | Build | Farm |
| 10:30 | Build | Farm |
| 10:31 | Age | Feudal Age |
| 11:03 | Research | Castle Age |
| 11:43 | Build | House |
| 12:09 | Build | Stable |
| 12:13 | Research | Double-Bit Axe |
| 12:32 | Build | Farm |
| 12:35 | Build | Farm |
| 12:48 | Research | Horse Collar |
| 12:49 | Research | Horse Collar |
| 13:07 | Research | Gold Mining |
| 13:34 | Build | House |
| 13:41 | Create | Villager (Male) |
| 13:43 | Age | Castle Age |
| 13:49 | Build | Monastery |
| 13:53 | Create | Scout Cavalry |
| 14:08 | Create | Villager (Male) |
| 14:12 | Build | Farm |
| 14:33 | Create | Villager (Male) |
| 14:36 | Create | Monk |
| 14:49 | Build | Farm |
| 14:54 | Build | Farm |
| 14:54 | Build | Farm |
| 14:54 | Build | Farm |
| 14:54 | Build | Farm |
| 14:58 | Build | House |
| 15:00 | Create | Villager (Male) |
| 15:00 | Create | Villager (Male) |
| 15:09 | Build | Farm |
| 15:28 | Build | Farm |
| 15:29 | Create | Villager (Male) |
| 15:32 | Build | House |
| 15:33 | Create | Monk |
| 15:49 | Create | Scout Cavalry |
| 15:58 | Build | Farm |
| 16:19 | Create | Villager (Male) |
| 16:20 | Create | Villager (Male) |
| 16:25 | Create | Monk |
| 16:27 | Build | House |
| 16:45 | Create | Villager (Male) |
| 16:48 | Create | Scout Cavalry |
| 17:03 | Build | House |
| 17:12 | Build | Town Center |
| 17:16 | Create | Villager (Male) |
| 17:31 | Create | Villager (Male) |
| 17:33 | Create | Monk |
| 17:50 | Create | Villager (Male) |
| 17:59 | Build | Blacksmith |
| 18:09 | Create | Villager (Male) |
| 18:23 | Create | Villager (Male) |
| 18:47 | Create | Scout Cavalry |
| 18:48 | Create | Villager (Male) |
| 18:53 | Create | Villager (Male) |
| 18:59 | Build | Farm |
| 19:03 | Build | Farm |
| 19:03 | Build | Farm |
| 19:03 | Build | Farm |
| 19:03 | Build | Farm |
| 19:04 | Build | Farm |
| 19:04 | Build | Farm |
| 19:22 | Create | Villager (Male) |
| 19:31 | Build | House |
| 19:32 | Research | Forging |
| 19:34 | Create | Villager (Male) |
| 19:36 | Build | Farm |
| 19:50 | Create | Villager (Male) |
| 19:53 | Build | Farm |
| 20:05 | Create | Villager (Male) |
| 20:17 | Create | Villager (Male) |
| 20:19 | Create | Villager (Male) |
| 20:22 | Build | House |
| 20:24 | Build | House |
| 20:30 | Create | Villager (Male) |
| 20:38 | Research | Wheelbarrow |
| 20:39 | Create | Villager (Male) |
| 20:58 | Create | Villager (Male) |
| 21:04 | Research | Bow Saw |
| 21:08 | Research | Heavy Plow |
Match timeline
| 5:13 | jeibanez · first_building Barracks |
| 8:22 | Deo2 · first_building Barracks |
| 10:11 | Here's Jhony! · age_up feudal |
| 10:31 | Ctrl Gio · age_up feudal |
| 10:56 | Enchiskan · age_up feudal |
| 10:58 | Deo2 · age_up feudal |
| 11:02 | Deo2 · first_building Stable |
| 12:09 | Ctrl Gio · first_building Stable |
| 12:18 | jeibanez · age_up feudal |
| 12:22 | jeibanez · first_building Stable |
| 12:27 | Here's Jhony! · first_building Barracks |
| 12:30 | Miguelouch · age_up feudal |
| 12:57 | lynavy · age_up feudal |
| 13:09 | President of USA · age_up feudal |
| 13:31 | Enchiskan · first_building Barracks |
| 13:43 | Ctrl Gio · age_up castle |
| 13:49 | Ctrl Gio · first_building Monastery |
| 13:54 | jeibanez · first_market_sell 100 wood |
| 14:56 | lynavy · first_building Barracks |
| 14:58 | Here's Jhony! · age_up castle |
| 15:07 | Enchiskan · age_up castle |
| 15:09 | Enchiskan · first_building Siege Workshop |
| 15:15 | Enchiskan · first_building Monastery |
| 16:55 | jeibanez · age_up castle |
| 17:12 | lynavy · age_up castle |
| 17:13 | Deo2 · age_up castle |
| 17:13 | Miguelouch · age_up castle |
| 17:24 | Miguelouch · first_market_buy 100 wood |
| 17:26 | lynavy · first_building Monastery |
| 17:29 | President of USA · age_up castle |
| 17:35 | President of USA · first_building Monastery |
| 17:49 | Here's Jhony! · first_building Siege Workshop |
| 18:27 | jeibanez · first_building Monastery |
| 18:29 | lynavy · first_building Siege Workshop |
| 18:52 | Here's Jhony! · first_building Monastery |
| 19:35 | lynavy · first_building Archery Range |
| 19:49 | Here's Jhony! · first_market_sell 100 food |
| 20:00 | Miguelouch · first_market_sell 100 food |
| 20:07 | Deo2 · resign |
| 20:08 | lynavy · first_market_buy 100 food |
[ AI ANALYSIS · 1 CREDIT ]
What really happened in this match?
Wolo.gg analyzes every decision: build order, eco, micro, common mistakes by bracket. Personalized analysis on WhatsApp or Discord in 30 seconds.
Civ guide
Bohemians
Map guide
Arena
Perfil
Enchiskan